 Dungeon Crawl Stone Soup version 0.29.1-15-g9cfb28693d (webtiles) character file.

Game seed: 17007209614778472278

86 EarthwalkerPL the Covered (level 4, 0/39 (41) HPs)
             Began as a Minotaur Fighter on Mar 29, 2023.
             Slain by Crazy Yiuf
             ... wielding a +2 quarterstaff of chaos
              (3 damage)
             ... on level 2 of the Dungeon.
             The game lasted 00:01:58 (1833 turns).

EarthwalkerPL the Covered (Minotaur Fighter)        Turns: 1833, Time: 00:01:59

HP:   0/39 (41)     AC:  8    Str: 22    XL:     4   Next: 27%
MP:   3/3           EV:  9    Int:  5    God:
Gold: 113           SH:  4    Dex: 10    Spells: 3/3 levels left

rFire   . . .      SeeInvis .   a - +0 war axe
rCold   . . .      Faith    .   c - +0 buckler
rNeg    . . .      Spirit   .   b - +0 scale mail
rPois   .          Reflect  .   (helmet restricted)
rElec   .          Harm     .   (no cloak)
rCorr   .          Rampage  .   e - +0 pair of gloves
Will    .....                   (no boots)
Stlth   ..........              (no amulet)
HPRegen 0.13/turn               (no ring)
MPRegen 0.08/turn               (no ring)

@: lethally poisoned (0 -> -8), lightly drained
A: horns 2, retaliatory headbutt
a: no special abilities


You were on level 2 of the Dungeon.
You visited 1 branch of the dungeon, and saw 2 of its levels.

You collected 113 gold pieces.

Inventory:

Hand Weapons
 a - a +0 war axe (weapon)
Armour
 b - a +0 scale mail (worn)
 c - a +0 buckler (worn)
 e - a +0 pair of gloves (worn)
Jewellery
 g - a ring of ice
 l - a ring of flight
Scrolls
 h - 2 scrolls of fear {unknown}
 j - a scroll of enchant armour {unknown}
 m - 2 scrolls of identify {unknown}
 n - 2 scrolls of teleportation {unknown}
 p - a scroll of poison {unknown}
Potions
 d - a potion of might
 f - a potion of flight {unknown}
 i - a potion of brilliance {unknown}
 k - 2 potions of berserk rage {unknown}
 o - a potion of degeneration {unknown}
 q - a potion of mutation {unknown}


   Skills:
 * Level 4.4 Fighting
 * Level 3.5 Axes
 * Level 4.6 Armour
 + Level 4.0 Shields


You had 3 spell levels left.
You didn't know any spells.
Your spell library contained the following spells:

 Spells                   Type           Power      Damage    Failure   Level
 Summon Guardian Golem    Hex/Summ       0%         N/A       99%         3
 Orb of Destruction       Conj           0%         9d5       100%        7
 Spellforged Servitor     Conj/Summ      0%         N/A       100%        7


Dungeon Overview and Level Annotations

Branches:
Dungeon (2/15)

Altars:

Annotations:
D:2 Crazy Yiuf


Innate Abilities, Weirdness & Mutations

You have a pair of horns on your head.
You reflexively headbutt those who attack you in melee.


Message History

There is a stone staircase leading down here.
There is an open door here.
An endoplasm comes into view.
The endoplasm quivers.
The endoplasm hits you but does no damage.
You slash the endoplasm!
You kill the endoplasm!
No target in view!
You open the door.
There is an open door here.
Found a hammer.
Found a runed translucent door.
Crazy Yiuf shouts!
There is an open door here.
You see here a bat skeleton.
There is an open door here.
There is an open door here.
Crazy Yiuf shouts!
Could not explore, unopened runed door.
You open the door. You hit Crazy Yiuf but do no damage.
Crazy Yiuf hits you with a +2 quarterstaff of chaos!
You feel drained.
You closely miss Crazy Yiuf.
Crazy Yiuf says, "Powder!
Cards ena high."
Crazy Yiuf barely misses you. You furiously retaliate!
You headbutt Crazy Yiuf, but do no damage.
Crazy Yiuf cries, "Hah ladder tea!"
Crazy Yiuf hits you with a +2 quarterstaff of chaos.
You are poisoned.
You completely miss Crazy Yiuf. Your headbutt misses Crazy Yiuf.
You feel very sick.
Crazy Yiuf hits you with a +2 quarterstaff of chaos.
You are electrocuted!
* * * LOW HITPOINT WARNING * * *
You slash Crazy Yiuf!
Crazy Yiuf is severely wounded.
* * * LOW HITPOINT WARNING * * *
You feel sick.
Crazy Yiuf hits you with a +2 quarterstaff of chaos.
You die...

#.......#'######..####.....######
#.......#..# #....# #.....# #
#.........<# ♣....♣ ##....######
#.####.....# ♣♣...♣ #.#........
#.# #...### ♣♣.♣♣ ##.#....###.
#.# #.....# ♣♣.♣ #..#....###.
#.#####'#.## ♣.♣♣ ##.#.....##.
...........# ♣♣.♣ #..#........
..#.....#.## ♣@♣♣ #..#........
..#.....#.## #g# #...........
..#.....#..# ... #...........
....###....# #...# #...........
....# #.#..# #)..# #..##.######
....###....# ##### #...........
......#.#..# ##.##.#.....
......#.#.÷############.##.#.....
......'.......'............'.....


You could see Crazy Yiuf.

Vanquished Creatures
  2 adders (D:2)
  A dart slug (D:1)
  7 bats
  9 endoplasms
  2 giant cockroaches (D:2)
  4 hobgoblins
  14 jackals
  A quokka (D:1)
  6 ball pythons
  4 frilled lizards
  3 goblins
  4 kobolds
  A rat (D:1)
58 creatures vanquished.

Notes
Turn   | Place    | Note
-------+----------+-------------------------------------------
     0 | D:1      | EarthwalkerPL the Minotaur Fighter began the quest for the
                  | Orb.
     0 | D:1      | Reached XP level 1. HP: 19/19 MP: 0/0
   219 | D:1      | Reached XP level 2. HP: 20/27 MP: 1/1
   831 | D:2      | Reached XP level 3. HP: 29/33 MP: 2/2
  1108 | D:2      | Reached XP level 4. HP: 38/40 MP: 3/3
  1733 | D:2      | Found a runed translucent door.
  1734 | D:2      | Noticed Crazy Yiuf
  1833 | D:2      | Slain by Crazy Yiuf

Illustrated notes

Levels and vault maps discovered:
D:1:      lemuel_arrival_behind_the_door_small, layout_loops_ring
D:2:      layout_basic, grunt_decor_arrowhead, minmay_cut_off,
          uniq_crazy_yiuf_cottage

Skill      XL: |  1  2  3 |
---------------+----------+-----
Armour         | 4 |  4.6
Axes           | 3 |  3.5
Fighting       | 4 |  4.4
Shields        | 4 |  4.0

Action                   |  1- 3 |  4- 6 || total
-------------------------+-------+-------++-------
Melee: War axe           |    87 |    30 ||   117
       Headbutt          |     8 |     4 ||    12
Armor: Scale mail        |    65 |    18 ||    83
Dodge: Dodged            |    62 |    11 ||    73
Block: Buckler           |    26 |     6 ||    32
